 Dungeon Crawl Stone Soup version 0.31.0-11-ge490571c62 (webtiles) character file.

Game seed: 4830785872978358756

682 snarfax the Chopper (level 7, 0/59 HPs)
             Began as a Minotaur Fighter on Jan 26, 2024.
             Was an Initiate of Elyvilon.
             Slain by an orc wizard
             ... wielding a +0 dagger
              (2 damage)
             ... on level 5 of the Dungeon.
             The game lasted 00:11:06 (2448 turns).

snarfax the Chopper (Minotaur Fighter)              Turns: 2448, Time: 00:11:08

Health: 0/59       AC:  7    Str: 23    XL:     7   Next: 34%
Magic:  6/6        EV: 10    Int:  5    God:    Elyvilon [......]
Gold:   42         SH:  0    Dex:  9    Spells: 6/6 levels left

rFire   . . .        a - +0 war axe
rCold   . . .        c - +0 buckler
rNeg    . . .        b - +0 scale mail
rPois   .            (helmet restricted)
rElec   .            (no cloak)
rCorr   .            (no gloves)
SInv    .            (no boots)
Will    .....        (no amulet) Stlth
                     (no ring)
HPRegen 0.29/turn    (no ring)
MPRegen 0.10/turn

%: no passive effects
@: confused
A: horns 2, retaliatory headbutt
a: Renounce Religion


You were on level 5 of the Dungeon.
You worshipped Elyvilon.
Elyvilon was noncommittal.
You visited 2 branches of the dungeon, and saw 6 of its levels.

You collected 42 gold pieces.

Inventory:

Hand Weapons
 a - a +0 war axe (weapon)
 n - a +2 hand axe of freezing
Missiles
 f - 3 poisoned darts (quivered)
Armour
 b - a +0 scale mail (worn)
 c - a +0 buckler (worn)
Jewellery
 k - a ring of protection from fire
Wands
 l - a wand of digging (5)
Scrolls
 e - 2 scrolls of identify
 o - a scroll of amnesia {unknown}
Potions
 d - a potion of attraction {unknown}
 g - a potion of curing {unknown}
 h - 4 potions of degeneration
 j - a potion of lignification
 m - a potion of haste {unknown}
 p - a potion of magic {unknown}


   Skills:
 + Level 4.2 Fighting
 * Level 7.8 Axes
 - Level 1.0 Throwing
 + Level 4.2 Armour
 + Level 2.6 Dodging
 - Level 1.0 Stealth
 - Level 5.0 Shields


You had 6 spell levels left.
You didn't know any spells.
Your spell library contained the following spells:

 Spells                   Type           Power      Damage    Failure   Level
 Slow                     Hex            0%         N/A       83%         1
 Tukima's Dance           Hex            0%         N/A       99%         3
 Anguish                  Hex/Necr       0%         N/A       100%        4
 Iskenderun's Mystic Bla  Conj/Tloc      0%         2d3       100%        4


Dungeon Overview and Level Annotations

Branches:
Dungeon (5/15)             Temple (1/1) D:4

Altars:
Ashenzari
Cheibriados
Dithmenos
Elyvilon
Gozag
Hepliaklqana
Kikubaaqudgha
Nemelex Xobeh
Ru
Trog
Vehumet
Xom
Zin


Innate Abilities, Weirdness & Mutations

You have a pair of horns on your head.
You reflexively headbutt those who attack you in melee.


Message History

The orc closely misses you.
The orc wizard mumbles some strange words.
The orc wizard flickers and vanishes!
The iguana bites you! The orc barely misses you.
You hear some strange, mumbled words.
You are more confused.
The orc hits you with a +0 club.
* * * LOW HITPOINT WARNING * * *
You hear some strange, mumbled words.
Something tries to affect you, but you resist.
You closely miss the iguana.
You headbutt the iguana, but do no damage.
The iguana is moderately wounded.
You miss the orc. You miss something. You barely miss the orc.
You miss something. The iguana closely misses you. The orc misses you.
Something hits you but does no damage. The orc hits you with a +0 club.
* * * LOW HITPOINT WARNING * * *
Something hits you but does no damage. The orc closely misses you.
The iguana bites you but does no damage.
You're too confused to move!
Something hits you but does no damage. The orc hits you with a +0 club.
* * * LOW HITPOINT WARNING * * *
Something hits you but does no damage.
The iguana bites you but does no damage.
The orc hits you with a +0 club.
* * * LOW HITPOINT WARNING * * *
You're too confused to move!
Something hits you but does no damage. The orc hits you but does no damage.
Something hits you but does no damage. The orc hits you with a +0 club.
* * * LOW HITPOINT WARNING * * *
The iguana bites you.
* * * LOW HITPOINT WARNING * * *
Unknown command.
You slash the orc!
You kill the orc!
You hit something.
Reactivating autopickup.
You feel a bit more experienced.
You miss something. You closely miss the orc. You barely miss the iguana.
Something hits you.
You die...

#(....##
##......###.
#...#.......
#.........# .
#..#......####..
#...............
##......##.......
#<.............#
#.......)@o..#.#
##.....#){l....#
###.>.#.......#
#..###......#
#### ###......
...... ......
...... ..?


You could see an iguana and an orc.

Vanquished Creatures
  Sigmund (D:3)
  A water moccasin (D:3)
  A black bear (D:4)
  A bombardier beetle (D:4)
  A howler monkey (D:4)
  A hound (D:4)
  A sleepcap (D:4)
  Terence (D:3)
  An orc wizard (D:5)
  Robin (D:3)
  7 adders
  2 dart slugs
  3 ribbon worms
  7 orcs
  5 endoplasms
  4 giant cockroaches
  12 goblins
  6 hobgoblins
  7 jackals (D:1)
  2 quokkas (D:1)
  6 ball pythons
  5 bats
  2 frilled lizards
  2 kobolds
  8 rats
88 creatures vanquished.

Notes
Turn   | Place    | Note
-------+----------+-------------------------------------------
     0 | D:1      | snarfax the Minotaur Fighter began the quest for the Orb.
     0 | D:1      | Reached XP level 1. HP: 19/19 MP: 0/0
   145 | D:1      | Got the Discursus on Beguiling and Superposition
   153 | D:1      | Reached XP level 2. HP: 26/26 MP: 1/1
   174 | D:1      | Reached skill level 3 in Axes
   478 | D:2      | Reached XP level 3. HP: 31/31 MP: 2/2
   577 | D:2      | Reached skill level 4 in Axes
   984 | D:2      | Reached XP level 4. HP: 39/39 MP: 3/3
  1271 | D:3      | Found a hazy altar of Hepliaklqana.
  1465 | D:3      | Noticed Terence
  1475 | D:3      | Killed Terence
  1476 | D:3      | Reached skill level 5 in Axes
  1490 | D:3      | Noticed Robin
  1492 | D:3      | Reached XP level 5. HP: 29/45 MP: 4/4
  1508 | D:3      | Killed Robin
  1510 | D:3      | Reached skill level 5 in Shields
  1606 | D:3      | Noticed Sigmund
  1613 | D:3      | Noticed a water moccasin
  1614 | D:3      | Killed Sigmund
  1615 | D:3      | Reached skill level 6 in Axes
  1615 | D:3      | Reached skill level 1 in Dodging
  1615 | D:3      | Reached XP level 6. HP: 26/51 MP: 5/5
  1619 | D:3      | Killed a water moccasin
  1620 | D:3      | Reached skill level 7 in Axes
  1620 | D:3      | Reached skill level 1 in Throwing
  1822 | D:3      | Found a faded altar of an unknown god.
  2011 | D:3      | Found a radiant altar of Vehumet.
  2152 | D:3      | Found a snail-covered altar of Cheibriados.
  2155 | D:3      | Found an ancient bone altar of Kikubaaqudgha.
  2211 | D:4      | Reached skill level 1 in Stealth
  2215 | D:4      | Found a staircase to the Ecumenical Temple.
  2226 | Temple   | Entered the Ecumenical Temple
  2244 | Temple   | Became a worshipper of Elyvilon the Healer
  2295 | D:4      | Reached XP level 7. HP: 45/59 MP: 6/6
  2339 | D:4      | Found a shadowy altar of Dithmenos.
  2406 | D:5      | Entered Level 5 of the Dungeon
  2447 | D:5      | HP: 2/59 [iguana (5)]
  2448 | D:5      | Slain by an orc wizard

Illustrated notes

Levels and vault maps discovered:
D:1:      enne_arrival_octagon_isle, layout_basic
D:2:      layout_loops_ring
D:3:      layout_loops_ring, lemuel_round_altar,
          nicolae_hepliaklqana_hazy_memory, jmf_multi_god_temple2,
          chequers_ecumenical_altar_simple_redux, uniq_robin, uniq_terence,
          uniq_sigmund
D:4:      layout_basic, mainiacjoe_overflow_alcove_2, grunt_dithmenos_smoke,
          minmay_temple_entry_water_ring, nicolae_tricolors
D:5:      black_bear_nest_2, layout_cave_pools, lemuel_round_altar
Temple:   nicolae_temple_superstar

Skill      XL: |  1  2  3  4  5  6 |
---------------+-------------------+-----
Shields        | 4 5 |  5.0
Axes           | 3 4 5 6 7 |  7.8
Dodging        | 1 2 |  2.6
Throwing       | 1 |  1.0
Stealth        | 1 |  1.0
Fighting       | 4 |  4.2
Armour         | 4 |  4.2

Action                     |  1- 3 |  4- 6 |  7- 9 || total
---------------------------+-------+-------+-------++-------
  Melee: War axe           |    69 |    99 |    25 ||   193
         Headbutt          |     9 |    17 |     2 ||    28
         Hand axe          |       |     1 |       ||     1
  Throw: Dart              |     4 |     3 |       ||     7
    Use: Scroll            |       |     6 |       ||     6
         Potion            |       |     1 |     2 ||     3
 Armour: Scale mail        |    41 |    66 |    68 ||   175
  Dodge: Dodged            |    39 |    49 |    32 ||   120
  Block: Buckler           |    15 |    14 |     3 ||    32
